 Dungeon Crawl Stone Soup version 0.16.1-30-g34a7ffa (webtiles) character file.

21802 foxtale the Destroyer (level 12, -5/86 HPs)
             Began as a Demonspawn Wizard on June 29, 2015.
             Was a High Priest of Vehumet.
             Slain by a death yak (15 damage)
             ... on level 2 of the Lair of Beasts.
             The game lasted 02:28:25 (21009 turns).

foxtale the Destroyer (Demonspawn Wizard)          Turns: 21009, Time: 02:28:26

Health: -5/86      AC:  8    Str:  9    XL:     12   Next: 57%
Magic:  27/29      EV: 11    Int: 25    God:    Vehumet [*****.]
Gold:   535        SH:  0    Dex: 12    Spells: 7 memorised, 9 levels left

rFire  . . .     SeeInvis .     J - +2 trident (venom)
rCold  . . .     Clarity  .     w - +0 robe
rNeg   . . .     SustAb   .     (no shield)
rPois  +         Gourm    .     i - +1 hat
rElec  .         Spirit   .     (no cloak)
rCorr  .         Warding  .     P - +1 pair of gloves
rMut   .         Stasis   .     (no boots)
MR     .....                    (no amulet)
Stlth  ++........               V - +2 ring of intelligence
                                h - ring of poison resistance

@: repel missiles, not resistant to hostile enchantments, unstealthy
A: horns 2, molten scales 2, demonic guardian 1, wild magic 1, rot immunity
a: Renounce Religion


You were on level 2 of the Lair of Beasts.
You worshipped Vehumet.
Vehumet was extremely pleased with you.
You were not hungry.

You visited 3 branches of the dungeon, and saw 13 of its levels.

You collected 725 gold pieces.
You spent 190 gold pieces at shops.

Inventory:

Hand weapons
 a - the +5 quarterstaff "Smay" {flame, Dex+2}
   (You found it on level 7 of the Dungeon)

   It has been specially enchanted to burn those struck by it, causing extra
   injury to most foes and up to half again as much damage against particularly
   susceptible opponents.
   It affects your dexterity (+2).
 b - a +0 blowgun
 J - a +2 trident of venom (weapon)
Missiles
 z - 8 javelins (quivered)
 E - 35 poisoned needles
 Z - 2 needles of slowing
Armour
 i - a +1 hat (worn)
 w - a +0 robe (worn)
 P - a +1 pair of gloves (worn)
Magical staves
 U - an uncursed staff of earth
Jewellery
 h - a ring of poison resistance (left hand)
 p - a +3 ring of evasion
 s - an uncursed ring of stealth
 t - an uncursed ring of sustain abilities
 u - an uncursed ring of positive energy
 x - an uncursed ring of positive energy
 L - the ring "Syecviv" {Fire -Tele rPois MP+9 Str+6 Dex+4}
   (You found it on level 2 of the Lair of Beasts)

   [ring of fire]

   It enhances your fire magic, and weakens your ice magic.
   It affects your strength (+6).
   It affects your dexterity (+4).
   It protects you from fire.
   It makes you vulnerable to cold.
   It protects you from poison.
   It affects your magic capacity (+9).
   It prevents most forms of teleportation.
 V - a +2 ring of intelligence (right hand)
Magical devices
 c - a wand of disintegration (8)
 d - a wand of fire (8)
 e - a wand of digging (9)
 l - a wand of digging (6)
 o - a wand of invisibility (3)
 G - a wand of magic darts (37)
 I - a wand of slowing (16)
 O - a wand of random effects (38)
 S - a wand of digging (12)
Scrolls
 n - 7 scrolls of remove curse
 v - 2 scrolls of magic mapping
 A - 2 scrolls of fog
 R - 4 scrolls of identify
Potions
 f - 3 potions of cancellation
 g - 3 potions of restore abilities
 j - 2 potions of magic
 k - a potion of curing
 m - 2 potions of berserk rage
 r - 2 potions of haste
 C - 2 potions of resistance
Comestibles
 B - 13 royal jellies
 D - 9 fruits


   Skills:
 - Level 5.0 Fighting
 - Level 2.0 Dodging
 - Level 2.0 Stealth
 + Level 9.7 Spellcasting
 + Level 11.6 Conjurations
 * Level 11.5 Charms
   Level 1.0 Summonings
 - Level 5.0 Translocations


You had 9 spell levels left.
You knew the following spells:

 Your Spells              Type           Power        Failure   Level  Hunger
a - Magic Dart            Conj           ####         1%          1    None
b - Blink                 Tloc           N/A          4%          2    None
c - Mephitic Cloud        Conj/Pois/Air  #####...     2%          3    None
f - Conjure Flame         Conj/Fire      ######..     1%          3    None
h - Haste                 Chrm           #######.     19%         6    ######.
m - Repel Missiles        Chrm/Air       ######       3%          2    None
s - Force Lance           Conj/Tloc      ######..     1%          4    #......


Dungeon Overview and Level Annotations

Branches:
Dungeon (9/15)             Temple (1/1) D:4            Lair (3/8) D:8
  Swamp: Lair:3-6    Shoals: Lair:3-6     Snake: Lair:3-6    Spider: Lair:3-6
    Orc: D:9-12

Altars:
Ashenzari
Cheibriados
Dithmenos
Elyvilon
Fedhas
Gozag
Kikubaaqudgha
Makhleb
Nemelex Xobeh
Okawaru
Qazlal
Ru
Sif Muna
Trog
Vehumet
Xom
Yredelemnul
Zin
The Shining One

Shops:
D:4 *%*!:   D:5 [   D:8 *?}


Innate Abilities, Weirdness & Mutations

You have a pair of horns on your head.
You are mostly covered in molten scales (AC +3, EV -1).
A weak demonic guardian rushes to your aid.
You are immune to rotting.
Your spells are a little harder to cast, but a little more powerful.


Message History

Your white imp barely misses the death yak.
Your iron imp hits the death yak.
You see here 12 stones.
There is a stone staircase leading up, spattered with blood here.
Attack whom?
Press: ? - help, Dir - move target cursor, f/p - death yak
Aim: a death yak (lightly wounded)
You reach to attack!
You hit the death yak.
The death yak is poisoned.
The death yak is lightly wounded.
The death yak gores you!!
Your white imp gestures at the death yak.
The puff of frost hits the death yak.
The death yak gores you!! The death yak gores you!!
* * * LOW HITPOINT WARNING * * *
You climb upwards.
There is a stone staircase leading down here.
Casting: Magic Dart
Confirm with . or Enter, or press ? or * to list all spells.
You blink.
The death yak gores you!
You die...

# ############## ###
##P@#.##P##.#P####P.
#..YY...............
#....ยง..............
##..................
#..................
#...#####P.........
#....# ##.........
#....# ##......P##
#...## #.......##


You could see 2 death yaks.

Vanquished Creatures
  The ghost of dvner the Bludgeoner, a powerful OgBe of Trog (Lair:2)
  Nergalle (D:8)
  Pikel (D:6)
  A griffon (Lair:2)
  2 black mambas
  Psyche (D:9)
  4 spiny frogs
  6 komodo dragons
  A two-headed ogre (D:8)
  3 fire drakes
  Prince Ribbit (D:9)
  A queen bee (Lair:3)
  18 blink frogs
  A spriggan (D:7)
  16 yaks
  A hungry ghost (D:7)
  6 hippogriffs
  Edmund (D:4)
  7 water moccasins
  3 orc warriors
  A necrophage (D:9)
  2 wasps (Lair:2)
  A black bear (D:9)
  9 porcupines
  A slave (D:6)
  5 ogres
  3 phantoms
  8 crocodiles
  4 centaurs
  5 giant frogs
  A water moccasin zombie (D:7)
  A scorpion (D:5)
  21 killer bees
  5 electric eels
  2 giant frog zombies (D:5)
  4 giant frog skeletons
  3 goliath beetles
  10 crimson imps
  3 orc priests
  A centaur skeleton (D:4)
  4 jellies
  3 orc wizards
  A gnoll shaman (D:5)
  4 hounds
  A quasit (Lair:2)
  5 worker ants
  5 iguanas
  A hound skeleton (D:8)
  6 gnolls
  49 river rats
  2 worker ant zombies
  18 adders
  2 shadow imps
  5 giant mites (Lair:2)
  2 white imps
  4 worms
  An ufetubus (Lair:1)
  2 adder skeletons
  An adder zombie (D:8)
  3 giant geckos
  An ooze (D:4)
  22 orcs
  7 bats
  3 bat skeletons
  3 giant cockroaches
  7 goblins
  11 hobgoblins
  10 jackals
  8 quokkas
  A giant gecko skeleton (D:4)
  A giant gecko zombie (D:6)
  4 giant newts
  12 kobolds
  17 rats
  4 spectral orcs (Lair:1)
  A plant (Lair:3)
397 creatures vanquished.

Vanquished Creatures (collateral kills)
  A hill giant (D:6)
  A cyclops (D:6)
  A komodo dragon (Lair:1)
  A fire drake (Lair:2)
  A blink frog (Lair:1)
  A basilisk (Lair:3)
  2 porcupines
  An ogre (D:6)
  3 killer bees (Lair:3)
  2 adders
  4 gnolls
  3 river rats (Lair:2)
21 creatures vanquished.

Vanquished Creatures (others)
  A slave (D:6)
  A giant frog (D:6)
  18 crimson imps
  23 quasits
  19 iron imps
  A river rat (Lair:2)
  25 white imps
  28 ufetubi
  An orc (D:6)
  A hobgoblin (D:6)
  A kobold (D:6)
  A fungus (Lair:2)
  2 plants
122 creatures vanquished.

Grand Total: 540 creatures vanquished

Notes
Turn   | Place    | Note
--------------------------------------------------------------
     0 | D:1      | foxtale, the Demonspawn Wizard, began the quest for the Orb.
     0 | D:1      | Reached XP level 1. HP: 13/13 MP: 4/4
   514 | D:1      | Gained mutation: A weak demonic guardian rushes to your aid. [demonic ancestry]
   514 | D:1      | Reached XP level 2. HP: 19/19 MP: 3/6
   518 | D:1      | Learned a level 2 spell: Blink
   521 | D:1      | Learned a level 2 spell: Repel Missiles
  1552 | D:2      | Reached XP level 3. HP: 24/24 MP: 0/7
  1589 | D:2      | Learned a level 3 spell: Conjure Flame
  2305 | D:3      | Gained mutation: You have a pair of small horns on your head. [demonic ancestry]
  2305 | D:3      | Reached XP level 4. HP: 30/30 MP: 1/9
  2494 | D:3      | Reached skill level 4 in Conjurations
  3036 | D:4      | Reached XP level 5. HP: 35/35 MP: 11/11
  3127 | D:4      | Reached skill level 5 in Conjurations
  3189 | D:4      | Found Ofaptud's Food Shop.
  3333 | D:4      | Found Plog's Assorted Antiques.
  3339 | D:4      | Found Fronitt's Book Boutique.
  3381 | D:4      | Bought a scroll labeled NAOKHI NAIWIR for 28 gold pieces
  3381 | D:4      | Bought a scroll labeled NAOKHI NAIWIR for 28 gold pieces
  3381 | D:4      | Bought a scroll labeled ARPHUSSAQOI for 28 gold pieces
  3381 | D:4      | Bought a scroll labeled QOIW FIDGHIOJOCS for 28 gold pieces
  3381 | D:4      | Bought a scroll labeled TUAKIPT ANLIPYXT for 28 gold pieces
  3615 | D:4      | Found Narup's General Store.
  3655 | D:4      | Noticed Edmund
  3691 | D:4      | Killed Edmund
  3691 | D:4      | Reached skill level 6 in Conjurations
  3691 | D:4      | Gained mutation: You are partially covered in molten scales (AC +1). [demonic ancestry]
  3691 | D:4      | Reached XP level 6. HP: 12/41 MP: 9/12
  4062 | D:4      | Found Golad's Distillery.
  4162 | D:4      | Found a staircase to the Ecumenical Temple.
  4172 | Temple   | Entered the Ecumenical Temple
  4283 | Temple   | Became a worshipper of Vehumet
  4365 | D:4      | Noticed a phantom
  4378 | D:4      | Killed a phantom
  4378 | D:4      | Reached skill level 1 in Translocations
  4864 | D:4      | Reached skill level 1 in Charms
  4864 | D:4      | Reached XP level 7. HP: 26/47 MP: 11/14
  5146 | D:4      | Bought a black potion for 25 gold pieces
  5146 | D:4      | Bought a dark potion for 25 gold pieces
  5160 | D:5      | Entered Level 5 of the Dungeon
  5249 | D:5      | Reached skill level 1 in Fighting
  5265 | D:5      | Found Iwkuul's Armour Boutique.
  5493 | D:5      | Reached skill level 7 in Conjurations
  5777 | D:5      | Found a sacrificial altar of Ru.
  5948 | D:5      | Gained mutation: You have a pair of horns on your head. [demonic ancestry]
  5948 | D:5      | Reached XP level 8. HP: 51/56 MP: 15/18
  6007 | D:5      | Acquired Vehumet's first power
  6007 | D:5      | Offered knowledge of Sting by Vehumet.
  6161 | D:6      | Found an iron altar of Okawaru.
  6166 | D:6      | Learned a level 3 spell: Mephitic Cloud
  6864 | D:6      | Noticed Pikel
  6894 | D:6      | Offered knowledge of Searing Ray by Vehumet.
  6899 | D:6      | Killed Pikel
  6899 | D:6      | Reached skill level 5 in Spellcasting
  6899 | D:6      | Reached skill level 8 in Conjurations
  6899 | D:6      | Reached XP level 9. HP: 47/65 MP: 9/21
  7013 | D:6      | You fall through a shaft!
  7218 | D:6      | Noticed a cyclops
  7219 | D:6      | Noticed a hill giant
  7291 | D:6      | Killed a hill giant
  7311 | D:6      | Killed a cyclops
  8462 | D:7      | Reached skill level 5 in Fighting
  8466 | D:7      | Reached skill level 5 in Translocations
  8637 | D:7      | Reached skill level 5 in Charms
  8929 | D:7      | Got a steaming quarterstaff
  8986 | D:7      | Offered knowledge of Throw Frost by Vehumet.
  9212 | D:8      | Reached XP level 10. HP: 74/74 MP: 16/24
  9370 | D:8      | Found Ciatogulu's Magic Scroll Shop.
  9425 | D:8      | Found Twidghuto's Gadget Boutique.
  9914 | D:8      | Reached skill level 9 in Conjurations
  9918 | D:8      | Acquired Vehumet's second power
 10421 | D:8      | Found a staircase to the Lair.
 10859 | D:8      | Found Utukeove's General Store.
 10995 | D:9      | Noticed Prince Ribbit
 11017 | D:9      | Killed Prince Ribbit
 11105 | D:9      | Identified the +5 quarterstaff "Smay" {flame, Dex+2} (You found it on level 7 of the Dungeon)
 11127 | D:9      | Found a shattered altar of Ashenzari.
 11199 | D:9      | Noticed Psyche
 11236 | D:9      | Killed Psyche
 11348 | D:9      | Offered knowledge of Force Lance by Vehumet.
 11361 | D:9      | Learned a level 4 spell: Force Lance
 12241 | Lair:1   | Entered Level 1 of the Lair of Beasts
 12865 | Lair:1   | Learned a level 6 spell: Haste
 12982 | Lair:1   | Gained mutation: You are mostly covered in molten scales (AC +3, EV -1). [demonic ancestry]
 12982 | Lair:1   | Reached XP level 11. HP: 50/79 MP: 17/26
 13119 | Lair:1   | Reached skill level 10 in Conjurations
 13615 | Lair:1   | Noticed a black mamba
 13621 | Lair:1   | Killed a black mamba
 13673 | Lair:1   | Acquired Vehumet's third power
 13856 | Lair:1   | Offered knowledge of Lightning Bolt by Vehumet.
 14213 | Lair:1   | Gained mutation: Your spells are a little harder to cast, but a little more powerful. [potion of beneficial mutation]
 14224 | Lair:1   | Noticed Nergalle
 14279 | Lair:1   | Found a shadowy altar of Dithmenos.
 14312 | Lair:1   | Noticed a spectral orc warlord
 15413 | Lair:1   | Noticed a spectral orc warlord
 15740 | D:8      | Killed Nergalle
 15902 | Lair:2   | Got a pitted amber ring
 15905 | Lair:2   | Identified the ring "Syecviv" {Fire -Tele rPois MP+9 Str+6 Dex+4} (You found it on level 2 of the Lair of Beasts)
 16301 | Lair:2   | Reached skill level 10 in Charms
 16676 | Lair:2   | Noticed dvner's ghost (powerful OgBe)
 17117 | Lair:2   | Gained mutation: You are immune to rotting. [demonic ancestry]
 17117 | Lair:2   | Reached XP level 12. HP: 43/86 MP: 5/29
 17126 | Lair:2   | Reached skill level 11 in Conjurations
 18383 | Lair:2   | Killed dvner's ghost
 18743 | Lair:2   | Offered knowledge of Spellforged Servitor by Vehumet.
 21009 | Lair:2   | Slain by a death yak

Action                   |  1- 3 |  4- 6 |  7- 9 | 10-12 || total
-------------------------+-------+-------+-------+-------++-------
Melee: Unarmed           |     4 |       |       |       ||     4
       Mace              |     3 |       |       |       ||     3
       Club              |     1 |       |       |       ||     1
       Trident           |       |    39 |   210 |   240 ||   489
       Quarterstaff      |       |     1 |       |   313 ||   314
 Fire: Hunting sling     |    25 |    33 |       |       ||    58
       Blowgun           |       |       |       |     3 ||     3
Throw: Stone             |     9 |       |       |       ||     9
       Javelin           |       |       |       |    34 ||    34
       Throwing net      |       |       |       |     1 ||     1
 Cast: Magic Dart        |    68 |    92 |   165 |   322 ||   647
       Repel Missiles    |     1 |     2 |       |     1 ||     4
       Conjure Flame     |     1 |     1 |    16 |    76 ||    94
       Blink             |       |     1 |     3 |    46 ||    50
       Mephitic Cloud    |       |       |    14 |    53 ||    67
       Force Lance       |       |       |       |    98 ||    98
Evoke: Wand              |       |       |       |     4 ||     4
  Use: Scroll            |       |       |    16 |    12 ||    28
       Potion            |       |       |       |     6 ||     6
 Stab: Sleeping          |       |     2 |     5 |     5 ||    12
       Confused          |       |       |     1 |     3 ||     4
       Distracted        |       |       |     1 |     1 ||     2
  Eat: Chunk             |     4 |     7 |    17 |    42 ||    70
       Fruit             |       |       |       |     3 ||     3
